 Dungeon Crawl Stone Soup version 0.32-a0-576-g706899e69d (webtiles) character file.

Game seed: 16886683441755056314

14 bjtr the Digger (level 2, -1/15 HPs)
             Began as a Gargoyle Earth Elementalist on Mar 2, 2024.
             Slain by a quokka (2 damage)
             ... on level 1 of the Dungeon.
             The game lasted 00:02:10 (203 turns).

bjtr the Digger (Gargoyle Earth Elementalist)        Turns: 203, Time: 00:02:11

Health: -1/15      AC:  4    Str: 11    XL:     2   Next: 41%
Magic:  1/5        EV:  2    Int: 15    God:
Gold:   28         SH:  0    Dex: 10    Spells: 4/5 levels left

rFire   . . .        e - +0 sling
rCold   + . .        (no shield)
rNeg    + . .        a - +0 robe
rPois   ∞            (no helmet)
rElec   +            (no cloak)
rCorr   .            (no gloves)
SInv    .            (no boots)
Will    .....        (no amulet)
Stlth   ++           c - ring of protection from cold
HPRegen 0.22/turn    (no ring)
MPRegen 0.09/turn

%: no passive effects
@: constricted
A: sickness immunity, AC +2, negative energy resistance 1, electricity
resistance, torment resistance 1, petrification resistance
a: no special abilities


You were on level 1 of the Dungeon.
You visited 1 branch of the dungeon, and saw 1 of its levels.

You collected 28 gold pieces.

Inventory:

Hand Weapons
 e - a +0 sling (weapon)
Armour
 a - a +0 robe (worn)
Jewellery
 c - a ring of protection from cold (left hand)
Potions
 b - a potion of magic


   Skills:
 + Level 0.2 Fighting
 + Level 1.6 Dodging
 + Level 2.1 Stealth
 + Level 2.1 Spellcasting
 + Level 1.1 Conjurations
 * Level 4.3 Earth Magic


You had 4 spell levels left.
You knew the following spells:

 Your Spells              Type           Power      Damage    Failure   Level
a - Sandblast             Erth           28%        2d8       3%          1

Your spell library contained the following spells:

 Spells                   Type           Power      Damage    Failure   Level
 Passwall                 Erth           14%        N/A       11%         3
 Stone Arrow              Conj/Erth      18%        3d8       22%         3
 Brom's Barrelling Bould  Conj/Erth      9%         2d3       56%         4
 Petrify                  Alch/Erth      8%         N/A       65%         4


Dungeon Overview and Level Annotations

Branches:
Dungeon (1/15)

Altars:


Innate Abilities, Weirdness & Mutations

You are immune to sickness and miasma.
Your stone body is resilient. (AC +2)
You are immune to poison.
You resist negative energy. (rN+)
You are resistant to electric shocks. (rElec)
You are resistant to unholy torment.
You are immune to petrification.


Message History

Aim: a ball python (80% to hit)
The blast of sand hits the goblin!
You kill the goblin!
Unknown command.
Unknown command.
Casting: Sandblast (safe; 3% risk of failure)
Confirm with . or Enter, or press ? or * to list all spells.
Aiming: Sandblast (safe; 3% risk of failure)
Press: ? - help, Shift-Dir - straight line, f/p - ball python
Aim: a ball python (80% to hit)
The blast of sand hits the goblin!
You kill the goblin!
Unknown command.
The quokka closely misses you. The quokka attacks as it pursues you!
The quokka barely misses you.
Your magical contamination has completely faded away.
The quokka attacks as it pursues you! The quokka misses you.
The quokka attacks as it pursues you! The quokka misses you.
The quokka bites you. The quokka attacks as it pursues you!
The quokka misses you. The quokka attacks as it pursues you!
The quokka barely misses you. The quokka attacks as it pursues you!
The quokka bites you but does no damage.
The quokka barely misses you.
The ball python attacks as it pursues you!
The ball python closely misses you. x2
The quokka attacks as it pursues you!
The quokka bites you but does no damage.
The ball python attacks as it pursues you!
The ball python bites you. The ball python grabs you.
The ball python constricts you. The quokka bites you.
The ball python bites you.
* * * LOW HITPOINT WARNING * * *
The ball python constricts you.
* * * LOW HITPOINT WARNING * * *
As you read the scroll labelled BUZOTWEXZEINE, it crumbles to dust.
It is a scroll of identify.
You don't currently have any unidentified items.
The quokka bites you.
You die...

#..............####.#.#.
#..............#......#.
#................#......
#..........)..........##
#...............##.#...)
#..................##.##
#..............######...
#.......S.......###...##
######......@r...........#...
#.......#'##+####........#.##
#.......#.# #........#..
#.......#.# #.#........##
#.^.....#.# #.#......#...
#.......+.# ..########...
####.......########### ...
..##.................#######
.
#.##.......................#
.


You could see a quokka and a ball python.

Vanquished Creatures
  A dart slug (D:1)
  A bat (D:1)
  An endoplasm (D:1)
  2 goblins (D:1)
  3 hobgoblins (D:1)
  A frilled lizard (D:1)
  A kobold (D:1)
10 creatures vanquished.

Notes
Turn   | Place    | Note
-------+----------+-------------------------------------------
     0 | D:1      | bjtr the Gargoyle Earth Elementalist began the quest for
                  | the Orb.
     0 | D:1      | Reached XP level 1. HP: 10/10 MP: 3/3
   116 | D:1      | Reached skill level 4 in Earth Magic
   128 | D:1      | Reached XP level 2. HP: 15/15 MP: 1/5
   203 | D:1      | Slain by a quokka

Illustrated notes

Levels and vault maps discovered:
D:1:      elethiomel_arrival_maze, layout_basic, minmay_misc_feat_rows

Skill      XL: |  1 |
---------------+----+-----
Earth Magic    | 4 |  4.3
Fighting       | |  0.2
Dodging        | |  1.6
Stealth        | |  2.1
Spellcasting   | |  2.1
Conjurations   | |  1.1

Action                     || total
---------------------------++-------
   Fire: Sling             ||     9
   Cast: Sandblast         ||     9
    Use: Scroll            ||     1
 Armour: Robe              ||    12
  Dodge: Dodged            ||    12

Table legend: (Time is in decaauts)
 A = Elapsed time spent in this place.
 B = Non-inter-level travel time spent in this place.
 C = Inter-level travel time spent in this place.
 D = Time resting spent in this place.
 E = Time spent auto-exploring this place.
 F = Levels seen in this place.
 G = Mean time per level.
                   A        B        C        D        E       F      G
               +--------+--------+--------+--------+--------+-----+--------+
         Total |    210 |    210 |      0 |     12 |    112 |   1 |  210.0 |
       Dungeon |    210 |    210 |      0 |     12 |    112 |   1 |  210.0 |
               +--------+--------+--------+--------+--------+-----+--------+

Top non-repeatable levels by time:
     D:1: 210 daAuts
